 Dungeon Crawl Stone Soup version 0.31-a0-240-gb923e448b6 (webtiles) character file.

Game seed: 11143891792701685863

68 qw the Shooter (level 4, -1/36 HPs)
             Began as a Minotaur Hexslinger on July 11, 2023.
             Slain by a goblin
             ... wielding a +0 dagger
             ... led by Robin
              (4 damage)
             ... on level 2 of the Dungeon.
             The game lasted 00:00:29 (857 turns).

qw the Shooter (Minotaur Hexslinger)                 Turns: 857, Time: 00:00:30

Health: -1/36      AC:  5    Str: 12    XL:     4   Next: 1%
Magic:  4/4        EV: 12    Int: 10    God:
Gold:   33         SH:  0    Dex: 15    Spells: 4/5 levels left

rFire   . . .        Y - +1 sling
rCold   . . .        (no shield)
rNeg    + . .        i - +2 leather armour {rN+}
rPois   .            (helmet restricted)
rElec   .            (no cloak)
rCorr   .            (no gloves)
SInv    .            (no boots)
Will    +....        (no amulet)
Stlth   +            l - ring of willpower
HPRegen 0.26/turn    (no ring)
MPRegen 0.09/turn

%: no passive effects
@: no status effects
A: horns 2, retaliatory headbutt
a: no special abilities


You were on level 2 of the Dungeon.
You visited 1 branch of the dungeon, and saw 2 of its levels.

You collected 33 gold pieces.


Innate Abilities, Weirdness & Mutations

You have a pair of horns on your head.
You reflexively headbutt those who attack you in melee.


   Skills:
 - Level 2.0 Fighting
 + Level 4.5 Ranged Weapons
 - Level 2.1 Dodging
 - Level 1.0 Spellcasting
 - Level 2.0 Hexes


You had 4 spell levels left.
You knew the following spells:

 Your Spells              Type           Power      Damage    Failure   Level
a - Slow                  Hex            16%        N/A       19%         1

Your spell library contained the following spells:

 Spells                   Type           Power      Damage    Failure   Level
 Inner Flame              Hex/Fire       2%         N/A       65%         3
 Portal Projectile        Hex/Tloc       4%         N/A       65%         3
 Cause Fear               Hex            2%         N/A       88%         4

Inventory:

Hand Weapons
 Y - a +1 sling (weapon)
Armour
 i - a +2 leather armour of positive energy (worn)
Jewellery
 l - a ring of willpower (left hand)
Potions
 f - a potion of berserk rage {unknown}

Dungeon Overview and Level Annotations

Branches:
Dungeon (2/15)

Altars:

Annotations:
D:2 Robin


Message History

The bat barely misses you. The goblin hits you but does no damage.
The goblin barely misses you.
Robin roars a battlecry!
The goblin goes into a battle-frenzy!
You shoot a sling bullet.
The sling bullet hits Robin but does no damage.
Robin is lightly wounded.
The bat misses you. The goblin misses you. Robin hits you but does no damage.
The goblin barely misses you. Robin completely misses you.
The goblin closely misses you. The goblin hits you with a +0 dagger.
You shoot a sling bullet. The sling bullet hits Robin.
Robin is moderately wounded.
The goblin no longer looks unusually strong.
The bat barely misses you. You furiously retaliate!
You headbutt the bat. The goblin closely misses you. Robin barely misses you.
You furiously retaliate!
You headbutt Robin. The goblin barely misses you.
You shoot a sling bullet. The sling bullet hits the bat.
You kill the bat!
The goblin hits you but does no damage. Robin hits you but does no damage.
The goblin hits you with a +0 dagger.
You shoot a sling bullet. The sling bullet barely misses Robin.
The goblin closely misses you. Robin hits you but does no damage.
The goblin hits you but does no damage. The worm closely misses you.
You shoot a sling bullet. The sling bullet hits Robin.
Robin is moderately wounded.
The goblin hits you with a +0 dagger. Robin hits you but does no damage.
The goblin hits you with a +0 dagger.
You shoot a sling bullet. The sling bullet hits Robin.
Robin is heavily wounded.
The goblin closely misses you. Robin closely misses you.
The goblin barely misses you. The worm bites you but does no damage.
The goblin hits you but does no damage. The goblin misses you.
Robin hits you with a +1 dagger of protection.
You shoot a sling bullet. The sling bullet hits Robin.
Robin is severely wounded.
The worm bites you. The goblin hits you with a +0 dagger.
Robin roars a battlecry!
The goblin goes into a battle-frenzy!
The goblin hits you with a +0 dagger.
You die...

.<..... .......
#.# ....... #.#
...)... #.#
.......#######.#
#...........#.#
#...)gw)....#.###
#....)@g........#
#....g###'###.#.#
#...=. #.#<....#
###### #.###.###
#..>..# #[#.###
#.#.# #.#.# #.#.#


You could see a worm, Robin and 2 goblins.

Vanquished Creatures
  A gnoll (D:1)
  4 endoplasms (D:1)
  3 giant cockroaches (D:1)
  8 goblins
  7 hobgoblins
  3 jackals (D:1)
  4 kobolds
  4 quokkas
  2 ball pythons (D:1)
  3 bats
  12 frilled lizards (D:1)
  2 rats (D:1)
53 creatures vanquished.

Notes
Turn   | Place    | Note
-------+----------+-------------------------------------------
     0 | D:1      | qw the Minotaur Hexslinger began the quest for the Orb.
     0 | D:1      | Reached XP level 1. HP: 16/16 MP: 1/1
     0 | D:1      | 0 ||| qw: Version: 0.3-a-52-g30416fa
     0 | D:1      | 0 ||| qw: Game counter: 5971
     0 | D:1      | 0 ||| qw: Melee chars always use a shield: true
     0 | D:1      | 0 ||| qw: God list: Okawaru
     0 | D:1      | 0 ||| qw: Allow faded altars: false
     0 | D:1      | 0 ||| qw: Do Orc after clearing Dungeon:15 true
     0 | D:1      | 0 ||| qw: Do second Lair branch before Depths: true
     0 | D:1      | 0 ||| qw: Lair rune preference: random
     0 | D:1      | 0 ||| qw: Goals: Normal
     0 | D:1      | 0 ||| PLANNING D:1-11
    69 | D:1      | Reached skill level 3 in Ranged Weapons
    69 | D:1      | Reached XP level 2. HP: 23/23 MP: 2/2
   330 | D:1      | Reached XP level 3. HP: 29/29 MP: 3/3
   619 | D:1      | Reached skill level 4 in Ranged Weapons
   744 | D:1      | 744 ||| UPGRADING to +2 leather armour of positive energy.
   754 | D:1      | 754 ||| DROPPING +0 robe.
   755 | D:1      | 755 ||| UPGRADING to ring of willpower.
   756 | D:1      | 756 ||| READING scroll labelled VOEMIUD FOFA.
   757 | D:1      | 757 ||| READING scroll labelled DIASAO OHIWA.
   761 | D:1      | 761 ||| READING scroll labelled VOTAYTT ASOGHY.
   762 | D:1      | 762 ||| READING scroll labelled EGEKAR TIMUTS.
   763 | D:1      | 763 ||| READING 2 scrolls labelled YMPAEL OZESEME.
   764 | D:1      | 764 ||| READING scroll labelled UGINOILUTY.
   765 | D:1      | 765 ||| DRINKING 2 silvery potions.
   766 | D:1      | 766 ||| DROPPING scroll of poison.
   767 | D:1      | 767 ||| DROPPING scroll of blinking.
   768 | D:1      | 768 ||| DROPPING potion of invisibility.
   838 | D:2      | Noticed Robin
   850 | D:2      | Reached XP level 4. HP: 19/36 MP: 4/4
   857 | D:2      | HP: 4/36 [worm (6)]
   857 | D:2      | Slain by a goblin

Levels and vault maps discovered:
D:1:      psy_arrival_spokes, layout_rooms, amcnicky_mini_corridor_feature,
          nicolae_hexahallways, minmay_lizard_king
D:2:      layout_basic, ebering_ecumenical_altar_webs, basic_altar,
          uniq_sigmund, uniq_robin

Skill      XL: |  1  2  3 |
---------------+----------+-----
Ranged Weapons | 3 4 |  4.5
Fighting       | 2 |  2.0
Dodging        | |  2.1
Spellcasting   | |  1.0
Hexes          | |  2.0

Action                     |  1- 3 |  4- 6 || total
---------------------------+-------+-------++-------
   Fire: Sling             |   117 |     8 ||   125
    Use: Scroll            |     6 |       ||     6
         Potion            |     1 |       ||     1
 Armour: Robe              |     9 |       ||     9
         Leather armour    |     7 |     9 ||    16
  Dodge: Dodged            |    54 |    17 ||    71

Table legend:
 A = Non-vault XP
 B = Vault XP
 C = Vault XP percentage of total XP
 D = Non-vault monster count
 E = Vault monster count
 F = Vault count percentage of total count
                 A         B        C        D         E       F
            +---------+---------+-------+---------+---------+-------
      Total |      73 |      25 |  25.5 |      36 |      17 |  32.1
            +---------+---------+-------+---------+---------+-------
        D:1 |      66 |       9 |  12.0 |      31 |       9 |  22.5
        D:2 |       7 |      16 |  69.6 |       5 |       8 |  61.5
            +---------+---------+-------+---------+---------+-------
